[Event "GER-ch Youth U12 2020"]
[Site "Willingen"]
[Date "2020.10.30"]
[Round "5.12"]
[White "Sommer, Justus"]
[Black "Grabs, Peter"]
[Result "1/2-1/2"]
[ECO "C15"]
[WhiteElo "1845"]
[BlackElo "1674"]
[Annotator "NA RC"]
[PlyCount "126"]
[EventDate "2020.10.27"]
[EventType "swiss"]
[EventRounds "7"]
[EventCountry "GER"]
[SourceTitle "playchess.com"]
[Source "ChessBase"]
[SourceQuality "1"]
[TimeControl "40/5400+30:1800+30"]

1. e4 e6 2. d4 d5 3. Nc3 Bb4 4. Nge2 Nf6 5. a3 Bxc3+ 6. Nxc3 dxe4 (6... Nxe4 $11 7. Nxe4 dxe4) 7. Bg5 Nc6 {[%emt 0:01:37] C15: French: 3 Nc3 Bb4: Unusual White 4th moves.} 8. Bb5 Bd7 9. Nxe4 {[%emt 0:01:28] Pin} h6 10. Nxf6+ gxf6 {[%emt 0:00:12] [#]} 11. Be3 $146 ({Predecessor:} 11. Bh4 Qe7 12. Qd2 e5 13. O-O-O Nxd4 14. Bxd7+ Qxd7 15. Bxf6 Qc6 16. Kb1 Qxf6 17. f4 {0-1 (37) Kestlane,H-Tillmann,M (1954) Piestany 2011}) 11... Ne7 12. Bxd7+ Qxd7 13. Qf3 Nd5 (13... Qd5 $11 {remains equal.}) 14. c4 Nxe3 15. fxe3 O-O-O 16. Qxf6 Qc6 {[%emt 0:03:39] [#]} 17. c5 ({And not} 17. Qxf7 Rdf8 $15) (17. O-O $1 $16) 17... Qxg2 18. O-O-O Qg5 19. Qxf7 Qxe3+ {[%emt 0:00:36] Double Attack} 20. Kb1 Qe4+ 21. Ka2 Rxd4 22. Rxd4 Qxd4 23. Qxe6+ Qd7 24. Qc4 Re8 25. Ka1 Qe6 26. Qc3 Qe5 27. Qh3+ Qe6 28. Qg3 Qe5 29. Qg6 Qe6 30. Rg1 Qxg6 31. Rxg6 h5 32. Rg5 h4 33. Rg4 h3 34. Rg3 Rh8 35. Kb1 Kd7 36. Kc2 Kc6 37. b4 a5 38. Kb3 axb4 39. axb4 Rh4 40. Ka4 b6 41. Rg6+ Kb7 42. Kb5 Rh5 43. Rf6 bxc5 44. bxc5 Re5 45. Rh6 Re3 46. c6+ Ka7 47. Rh7 Re5+ 48. Kc4 Kb6 49. Rxh3 Rc5+ 50. Kd4 Rxc6 51. Rb3+ Ka5 52. h3 Rh6 53. Kc5 Ka4 54. Rd3 Rh5+ 55. Kc6 Kb4 56. Kxc7 Kc4 57. Ra3 Kd4 58. Kd6 Ke4 59. Ke6 Kf4 60. Kf6 Rh6+ 61. Kg7 Rh4 62. Kg6 Rh8 63. Ra4+ $11 Kg3 1/2-1/2

[Event "GER-ch Youth U12 2020"]
[Site "Willingen"]
[Date "2020.10.30"]
[Round "5.13"]
[White "Deschler, Arne"]
[Black "Zobel, Christian"]
[Result "0-1"]
[ECO "C26"]
[WhiteElo "1671"]
[BlackElo "1521"]
[Annotator "NA RC"]
[PlyCount "54"]
[EventDate "2020.10.27"]
[EventType "swiss"]
[EventRounds "7"]
[EventCountry "GER"]
[SourceTitle "playchess.com"]
[Source "ChessBase"]
[SourceQuality "1"]
[TimeControl "40/5400+30:1800+30"]

1. e4 e5 2. Bc4 Nf6 3. Nc3 Bc5 4. d3 c6 5. Be3 Bxe3 6. fxe3 Qb6 7. Qc1 Ng4 8. Nd1 O-O 9. Nf3 d6 10. h3 Nf6 11. O-O d5 12. exd5 cxd5 13. Bb3 Nc6 14. Kh2 Qc7 15. Kg1 e4 16. dxe4 dxe4 17. Nd4 Qg3 18. Nxc6 bxc6 19. Nf2 Ba6 20. Rd1 Be2 21. Rd2 Bh5 22. Qe1 Rad8 23. c4 Bf3 24. Nd3 Qxe1+ 25. Rxe1 Bh5 26. g4 Bg6 27. g5 Ne8 0-1

[Event "GER-ch Youth U12 2020"]
[Site "Willingen"]
[Date "2020.10.30"]
[Round "5.14"]
[White "Bräutigam, Alexander"]
[Black "Eichhorn, Valentin"]
[Result "0-1"]
[ECO "D35"]
[WhiteElo "1631"]
[BlackElo "1545"]
[Annotator "NA RC"]
[PlyCount "50"]
[EventDate "2020.10.27"]
[EventType "swiss"]
[EventRounds "7"]
[EventCountry "GER"]
[SourceTitle "playchess.com"]
[Source "ChessBase"]
[SourceQuality "1"]
[TimeControl "40/5400+30:1800+30"]

1. d4 d5 2. c4 e6 3. Nc3 Nf6 4. f3 c5 5. e3 Nc6 6. cxd5 Nxd5 7. Bb5 Qh4+ 8. g3 Qh5 9. e4 Nxc3 10. bxc3 cxd4 11. Bxc6+ bxc6 12. cxd4 Bd6 13. Kf2 Qb5 14. Be3 Qb2+ 15. Ne2 Ba6 16. Qd2 Qxd2 17. Bxd2 Rb8 18. Rab1 O-O 19. Ke3 Rfc8 20. Rhc1 Rxb1 21. Rxb1 c5 22. Rc1 cxd4+ 23. Kxd4 Rd8 24. Ba5 Bc7+ 25. Ke3 Bxa5 0-1

[Event "GER-ch Youth U12 2020"]
[Site "Willingen"]
[Date "2020.10.30"]
[Round "5.15"]
[White "Winkler, Yonathan"]
[Black "Aravindan, Midhulan"]
[Result "1-0"]
[ECO "C01"]
[WhiteElo "1680"]
[BlackElo "1565"]
[Annotator "NA RC"]
[PlyCount "77"]
[EventDate "2020.10.27"]
[EventType "swiss"]
[EventRounds "7"]
[EventCountry "GER"]
[SourceTitle "playchess.com"]
[Source "ChessBase"]
[SourceQuality "1"]
[TimeControl "40/5400+30:1800+30"]

1. e4 e6 2. d4 d5 3. exd5 exd5 4. Nf3 Nc6 5. Bb5 Bd6 6. c4 Bb4+ 7. Bd2 Bxd2+ 8. Qxd2 Nge7 9. Nc3 a6 10. Ba4 O-O 11. Bxc6 bxc6 12. c5 Ng6 13. O-O Bg4 14. Qd3 Qf6 15. Ne1 Nf4 16. Qd2 Rae8 17. f3 Bc8 18. Nc2 h5 19. Rae1 h4 20. Ne2 Nh5 21. Nb4 Kh8 22. Nd3 g5 23. h3 Rg8 24. Ne5 Ref8 25. Kh2 Qh6 26. Nc1 f5 27. Ncd3 Rg7 28. Qe3 Rfg8 29. Nb4 Qh7 30. Nbxc6 g4 31. fxg4 fxg4 32. hxg4 Bxg4 33. Nxg4 Rxg4 34. Qe5+ R4g7 35. Ne7 Ra8 36. Nf5 Rag8 37. Nxg7 Nxg7 38. Qf6 Rb8 39. Re7 1-0

[Event "GER-ch Youth U12 2020"]
[Site "Willingen"]
[Date "2020.10.30"]
[Round "5.16"]
[White "Haubold, Christian Lucas"]
[Black "Vecera, Fabio"]
[Result "1-0"]
[ECO "B03"]
[WhiteElo "1615"]
[BlackElo "1534"]
[Annotator "NA RC"]
[PlyCount "95"]
[EventDate "2020.10.27"]
[EventType "swiss"]
[EventRounds "7"]
[EventCountry "GER"]
[SourceTitle "playchess.com"]
[Source "ChessBase"]
[SourceQuality "1"]
[TimeControl "40/5400+30:1800+30"]

1. e4 Nf6 2. e5 Nd5 3. d4 d6 4. c4 Nb6 5. f4 dxe5 6. fxe5 Nc6 7. Be3 g6 8. Nc3 Bg7 9. Be2 O-O 10. Nf3 Bg4 11. b3 f6 12. c5 Nc8 13. Bc4+ Kh8 14. e6 f5 15. Ne2 Bxf3 16. gxf3 a6 17. a4 N8a7 18. f4 b5 19. cxb6 cxb6 20. Bxa6 Qd5 21. Kf2 Na5 22. b4 N5c6 23. Rb1 Rfd8 24. Bb7 Rab8 25. Bxc6 Nxc6 26. Rb3 Qxe6 27. b5 Na5 28. Rc3 Rd7 29. Qc1 Rbd8 30. Qc2 Nb7 31. Rd1 Nd6 32. Ng3 Kg8 33. Rc6 Kf8 34. d5 Ne4+ 35. Nxe4 Qxe4 36. Qxe4 fxe4 37. Bxb6 Rxd5 38. Rxd5 Rxd5 39. Ke3 Rh5 40. Rc2 g5 41. Rc5 gxf4+ 42. Kxe4 Rxh2 43. a5 f3 44. a6 Rh4+ 45. Kxf3 Ra4 46. a7 Bh6 47. Rc8+ Kf7 48. a8=Q 1-0

[Event "GER-ch Youth U12 2020"]
[Site "Willingen"]
[Date "2020.10.30"]
[Round "5.18"]
[White "Möller, Maurin"]
[Black "Mader, Fabian"]
[Result "1-0"]
[ECO "C10"]
[WhiteElo "1645"]
[BlackElo "1588"]
[Annotator "NA RC"]
[PlyCount "47"]
[EventDate "2020.10.27"]
[EventType "swiss"]
[EventRounds "7"]
[EventCountry "GER"]
[SourceTitle "playchess.com"]
[Source "ChessBase"]
[SourceQuality "1"]
[TimeControl "40/5400+30:1800+30"]

1. e4 e6 2. d4 d5 3. Nd2 dxe4 4. Nxe4 Nd7 5. Nf3 Ngf6 6. Nxf6+ Nxf6 7. c3 c5 8. Bf4 Be7 9. dxc5 Qxd1+ 10. Rxd1 Bxc5 11. Bd3 O-O 12. Ng5 Rd8 13. Bxh7+ Nxh7 14. Rxd8+ Nf8 15. Ne4 Bb6 16. Re8 f5 17. Ng5 Bc5 18. b4 Bb6 19. Bd6 g6 20. Bxf8 Bd7 21. Rxa8 e5 22. Bh6+ Bc8 23. Rxc8+ Bd8 24. Rxd8# 1-0

[Event "GER-ch Youth U12 2020"]
[Site "Willingen"]
[Date "2020.10.30"]
[Round "5.19"]
[White "Leubner, Paul Damdin"]
[Black "Isbilir, Levin"]
[Result "1-0"]
[ECO "B54"]
[WhiteElo "1409"]
[BlackElo "1233"]
[Annotator "NA RC"]
[PlyCount "69"]
[EventDate "2020.10.27"]
[EventType "swiss"]
[EventRounds "7"]
[EventCountry "GER"]
[SourceTitle "playchess.com"]
[Source "ChessBase"]
[SourceQuality "1"]
[TimeControl "40/5400+30:1800+30"]

1. e4 c5 2. Nf3 d6 3. d4 cxd4 4. Nxd4 Nf6 5. f3 g6 6. c4 Bg7 7. Nc3 Nc6 8. Be3 O-O 9. Qd2 Bd7 10. Be2 Nxd4 11. Bxd4 a5 12. O-O-O a4 13. Kb1 a3 14. b3 Qc7 15. g4 Rfc8 16. h4 Rab8 17. h5 Qa5 18. hxg6 hxg6 19. Ka1 Bc6 20. Rh2 e6 21. Rdh1 d5 22. e5 Nd7 23. Rh7 Bxe5 24. Bxe5 Nxe5 25. Rh8+ Kg7 26. R1h7+ Kf6 27. Rxc8 Qa7 28. Rxb8 Qxb8 29. g5+ Ke7 30. f4 Nd7 31. cxd5 Bxd5 32. Nxd5+ exd5 33. Qb4+ Ke6 34. Bg4+ f5 35. Qe7# 1-0

[Event "GER-ch Youth U12 2020"]
[Site "Willingen"]
[Date "2020.10.30"]
[Round "5.20"]
[White "Chugunov, Ivan"]
[Black "Schwarz, David"]
[Result "0-1"]
[ECO "C54"]
[WhiteElo "1552"]
[BlackElo "1200"]
[Annotator "NA RC"]
[PlyCount "74"]
[EventDate "2020.10.27"]
[EventType "swiss"]
[EventRounds "7"]
[EventCountry "GER"]
[SourceTitle "playchess.com"]
[Source "ChessBase"]
[SourceQuality "1"]
[TimeControl "40/5400+30:1800+30"]

1. e4 e5 2. Nf3 Nc6 3. Bc4 Bc5 4. c3 Nf6 5. d3 d6 6. Bb3 a6 7. h3 Ba7 8. Nbd2 h6 9. a4 Be6 10. Bc2 Qd7 11. Nf1 g5 12. b4 Ne7 13. g4 Ng6 14. Ng3 O-O-O 15. a5 Nf4 16. Bxf4 gxf4 17. Ba4 c6 18. Nf5 Rdg8 19. Rg1 h5 20. Nd2 hxg4 21. hxg4 Rh2 22. d4 Bxf5 23. exf5 exd4 24. Nf3 Rh3 25. cxd4 Rxg4 26. Rxg4 Nxg4 27. Ng1 Rh4 28. Ra2 Qxf5 29. Re2 f3 30. Qc2 Qxc2 31. Rxc2 Rh1 32. Kd2 Rxg1 33. Rc3 Rf1 34. Rxf3 Rxf2+ 35. Rxf2 Nxf2 36. Bc2 Bxd4 37. Ke2 Kc7 0-1

[Event "GER-ch Youth U12 2020"]
[Site "Willingen"]
[Date "2020.10.30"]
[Round "5.21"]
[White "Weyerer, Noah"]
[Black "Schneble, Milan"]
[Result "1-0"]
[ECO "A41"]
[WhiteElo "1536"]
[BlackElo "1418"]
[Annotator "NA RC"]
[PlyCount "49"]
[EventDate "2020.10.27"]
[EventType "swiss"]
[EventRounds "7"]
[EventCountry "GER"]
[SourceTitle "playchess.com"]
[Source "ChessBase"]
[SourceQuality "1"]
[TimeControl "40/5400+30:1800+30"]

1. d4 d6 2. Bf4 Nf6 3. Nc3 g6 4. e4 c6 5. Qd2 b5 6. f3 Nbd7 7. d5 cxd5 8. Nxd5 a6 9. a4 Nxd5 10. Qxd5 Nb6 11. Qd4 f6 12. Be3 Nxa4 13. b3 Nc5 14. Bxb5+ Bd7 15. Bxd7+ Qxd7 16. Ne2 Bg7 17. Qd2 Ne6 18. Ra4 O-O 19. O-O Rfc8 20. Rc1 Rc6 21. Qd5 Kf8 22. c4 Rcc8 23. Rca1 Nc5 24. Bxc5 Rxc5 25. Qxa8+ 1-0

[Event "GER-ch Youth U12 2020"]
[Site "Willingen"]
[Date "2020.10.30"]
[Round "5.22"]
[White "Gärtner, Alessandro"]
[Black "Müller, Mitja"]
[Result "1-0"]
[ECO "D02"]
[WhiteElo "1251"]
[BlackElo "1360"]
[Annotator "NA RC"]
[PlyCount "107"]
[EventDate "2020.10.27"]
[EventType "swiss"]
[EventRounds "7"]
[EventCountry "GER"]
[SourceTitle "playchess.com"]
[Source "ChessBase"]
[SourceQuality "1"]
[TimeControl "40/5400+30:1800+30"]

1. d4 d5 2. Bf4 Nf6 3. Nf3 c5 4. e3 Nc6 5. c3 Qb6 6. Na3 c4 7. Qc1 Bf5 8. Be2 e6 9. Nc2 Be7 10. O-O O-O 11. Nd2 Qa5 12. f3 b5 13. a3 Qb6 14. Re1 Bxc2 15. Qxc2 e5 16. Bg3 Rfe8 17. Bf2 Bd6 18. Qf5 Ne7 19. Qh3 Ng6 20. g3 Rad8 21. Bf1 e4 22. fxe4 Nxe4 23. Nxe4 Rxe4 24. Bg2 Ree8 25. Bxd5 Bxg3 26. Bxf7+ Kxf7 27. Bxg3 Kg8 28. Re2 Re7 29. Rf1 Rde8 30. Qf5 Qe6 31. Qxe6+ Rxe6 32. Rfe1 Ne7 33. e4 Nf5 34. d5 Nxg3 35. hxg3 Re5 36. d6 Kf7 37. Rd2 Ke6 38. Rd4 Rd8 39. Red1 Kd7 40. a4 a6 41. Kf2 Rf8+ 42. Ke3 g5 43. axb5 axb5 44. Ra1 g4 45. Ra7+ Kc6 46. Rc7+ Kb6 47. Rxh7 Re6 48. Re7 Ref6 49. e5 Rf3+ 50. Ke4 Kc6 51. d7 Rf1 52. d8=N+ Kc5 53. Ne6+ Kc6 54. Rd6# 1-0

[Event "GER-ch Youth U12 2020"]
[Site "Willingen"]
[Date "2020.10.30"]
[Round "5.23"]
[White "Guo, Jacob Tingshen"]
[Black "Cromm, Mika"]
[Result "1/2-1/2"]
[ECO "D35"]
[WhiteElo "1551"]
[BlackElo "1665"]
[Annotator "NA RC"]
[PlyCount "43"]
[EventDate "2020.10.27"]
[EventType "swiss"]
[EventRounds "7"]
[EventCountry "GER"]
[SourceTitle "playchess.com"]
[Source "ChessBase"]
[SourceQuality "1"]
[TimeControl "40/5400+30:1800+30"]

1. d4 d5 2. c4 e6 3. Nc3 Nf6 4. cxd5 exd5 5. Nf3 Be7 6. Bg5 O-O 7. e3 c6 8. Qc2 Be6 9. Bd3 h6 10. Bh4 Nbd7 11. O-O Rc8 12. Rac1 c5 13. Qd2 a6 14. a4 cxd4 15. exd4 Nh5 16. Bxe7 Qxe7 17. Rfe1 Nhf6 18. Na2 Qd6 19. a5 b5 20. b4 Nb8 21. Ne5 Nfd7 22. f4 1/2-1/2

[Event "GER-ch Youth U12 2020"]
[Site "Willingen"]
[Date "2020.10.30"]
[Round "5.24"]
[White "Schröder, Jan-Hendrik"]
[Black "Huber, Benedikt"]
[Result "0-1"]
[ECO "C02"]
[WhiteElo "1324"]
[BlackElo "1725"]
[Annotator "NA RC"]
[PlyCount "92"]
[EventDate "2020.10.27"]
[EventType "swiss"]
[EventRounds "7"]
[EventCountry "GER"]
[SourceTitle "playchess.com"]
[Source "ChessBase"]
[SourceQuality "1"]
[TimeControl "40/5400+30:1800+30"]

1. e4 e6 2. d4 d5 3. e5 c5 4. c3 Qb6 5. Nf3 Nc6 6. Bd3 cxd4 7. cxd4 Bd7 8. O-O Nxd4 9. Nxd4 Qxd4 10. Nc3 a6 11. Re1 Rc8 12. Be3 Qh4 13. g3 Qd8 14. f4 Ne7 15. Bf2 g6 16. Qb3 Bc6 17. Rac1 Bg7 18. Na4 O-O 19. Bc5 Bxa4 20. Qxa4 Re8 21. Qb4 Rb8 22. Bd6 Nc6 23. Qb3 Nd4 24. Qd1 Ra8 25. a4 Nc6 26. b4 Bf8 27. Bxf8 Rxf8 28. b5 axb5 29. Bxb5 Qb6+ 30. Kg2 Rfc8 31. Rb1 Qa7 32. Qd2 Nd4 33. Rec1 Nxb5 34. axb5 Rxc1 35. Rxc1 Qa4 36. Qd3 Ra5 37. b6 Rb5 38. Qc3 Qe4+ 39. Kh3 Rxb6 40. Qc8+ Kg7 41. Qd8 Qf5+ 42. Kg2 Rb2+ 43. Kf3 Qd3+ 44. Kg4 h5+ 45. Kh4 Rxh2+ 46. Kg5 Qf5# 0-1

[Event "GER-ch Youth U12 2020"]
[Site "Willingen"]
[Date "2020.10.30"]
[Round "5.25"]
[White "Göpfert, Gregor"]
[Black "Ivanov, Alexander"]
[Result "1-0"]
[ECO "B27"]
[WhiteElo "1603"]
[BlackElo "1261"]
[Annotator "NA RC"]
[PlyCount "79"]
[EventDate "2020.10.27"]
[EventType "swiss"]
[EventRounds "7"]
[EventCountry "GER"]
[SourceTitle "playchess.com"]
[Source "ChessBase"]
[SourceQuality "1"]
[TimeControl "40/5400+30:1800+30"]

1. e4 c5 2. Nf3 g6 3. d4 cxd4 4. Nxd4 Bg7 5. Be3 Nc6 6. c4 d6 7. Qd2 Nf6 8. Nc3 O-O 9. Be2 a6 10. h3 Nxd4 11. Bxd4 Qc7 12. O-O Qc6 13. Bd3 Rd8 14. Bxf6 Bxf6 15. Nd5 Kf8 16. Nxf6 exf6 17. Rfd1 Be6 18. Rac1 Rd7 19. Qh6+ Kg8 20. b3 Qc5 21. Bb1 Rad8 22. Rc2 b5 23. cxb5 Qxb5 24. Qe3 d5 25. Rcd2 dxe4 26. Rxd7 Rxd7 27. Rxd7 Qxd7 28. Qxe4 Qd1+ 29. Kh2 Bf5 30. Qa8+ Kg7 31. Bxf5 gxf5 32. Qxa6 Qd2 33. Qb6 Qxa2 34. b4 Qb2 35. Qb8 Qxf2 36. Qg3+ Qxg3+ 37. Kxg3 Kf8 38. Kf4 Ke7 39. Kxf5 h6 40. g4 1-0

[Event "GER-ch Youth U12 2020"]
[Site "Willingen"]
[Date "2020.10.30"]
[Round "5.26"]
[White "Stadelmann, Constantin"]
[Black "Brandstrup, Luca Alexander"]
[Result "0-1"]
[ECO "D05"]
[WhiteElo "1366"]
[BlackElo "1575"]
[Annotator "NA RC"]
[PlyCount "58"]
[EventDate "2020.10.27"]
[EventType "swiss"]
[EventRounds "7"]
[EventCountry "GER"]
[SourceTitle "playchess.com"]
[Source "ChessBase"]
[SourceQuality "1"]
[TimeControl "40/5400+30:1800+30"]

1. d4 Nf6 2. Nf3 e6 3. e3 c5 4. b3 d5 5. Bd3 Be7 6. O-O O-O 7. Bb2 Nbd7 8. Nbd2 b6 9. Ne5 Nxe5 10. dxe5 Nd7 11. f4 f6 12. Qh5 f5 13. g4 g6 14. Qh3 Bb7 15. Rf3 d4 16. e4 fxe4 17. Nxe4 Rf7 18. c3 dxc3 19. Bxc3 Bd5 20. Re1 Qc7 21. f5 Nxe5 22. Bxe5 Qxe5 23. f6 Qd4+ 24. Kf1 Bxf6 25. g5 Be7 26. Rxf7 Kxf7 27. Qxh7+ Qg7 28. Qh4 Kg8 29. Qf4 Rf8 0-1

[Event "GER-ch Youth U12 2020"]
[Site "Willingen"]
[Date "2020.10.30"]
[Round "5.27"]
[White "Detjen, Mattes"]
[Black "Dorendorf, Mika"]
[Result "0-1"]
[ECO "B22"]
[WhiteElo "1190"]
[BlackElo "1462"]
[Annotator "NA RC"]
[PlyCount "34"]
[EventDate "2020.10.27"]
[EventType "swiss"]
[EventRounds "7"]
[EventCountry "GER"]
[SourceTitle "playchess.com"]
[Source "ChessBase"]
[SourceQuality "1"]
[TimeControl "40/5400+30:1800+30"]

1. e4 c5 2. c3 Nf6 3. e5 Nd5 4. d4 cxd4 5. Nf3 e6 6. cxd4 Nc6 7. Nc3 d6 8. exd6 Bxd6 9. Bd3 a6 10. O-O Bd7 11. a3 h6 12. Bc2 Qc7 13. b4 Nxc3 14. Qd3 Nd5 15. b5 axb5 16. Qxb5 Nxd4 17. Qd3 Nxc2 0-1

[Event "GER-ch Youth U12 2020"]
[Site "Willingen"]
[Date "2020.10.30"]
[Round "5.28"]
[White "Ehrlich, Patrick"]
[Black "Bondarcuks, Timurs"]
[Result "1-0"]
[ECO "B08"]
[WhiteElo "1448"]
[BlackElo "1198"]
[Annotator "NA RC"]
[PlyCount "89"]
[EventDate "2020.10.27"]
[EventType "swiss"]
[EventRounds "7"]
[EventCountry "GER"]
[SourceTitle "playchess.com"]
[Source "ChessBase"]
[SourceQuality "1"]
[TimeControl "40/5400+30:1800+30"]

1. d4 Nf6 2. Nf3 g6 3. Nc3 Bg7 4. e4 d6 5. Be2 O-O 6. O-O Nbd7 7. Be3 e5 8. dxe5 dxe5 9. Qd2 b6 10. Rad1 Bb7 11. Bc4 Bxe4 12. Nxe4 Nxe4 13. Qxd7 Qxd7 14. Rxd7 Nd6 15. Rxc7 Nxc4 16. Rxc4 Rac8 17. Rxc8 Rxc8 18. c3 Rd8 19. Re1 Kf8 20. a4 Rd7 21. g3 f5 22. a5 bxa5 23. Bc5+ Kg8 24. Nxe5 Rd5 25. Bd4 Rb5 26. Nc4 Bxd4 27. cxd4 Rb4 28. Nxa5 Rxd4 29. Nc6 Rd2 30. Rb1 Rd7 31. b4 Rb7 32. b5 Rb6 33. Nxa7 Rb7 34. b6 Kf7 35. Nc6 Kg7 36. Na5 Rb8 37. b7 Kh6 38. Nc6 Re8 39. b8=Q Rxb8 40. Rxb8 f4 41. gxf4 Kh5 42. Rh8 h6 43. Ne5 g5 44. fxg5 Kxg5 45. Nf7+ 1-0

[Event "GER-ch Youth U12 2020"]
[Site "Willingen"]
[Date "2020.10.30"]
[Round "6.3"]
[White "Haubold, Sebastian Marcel"]
[Black "Kempe, Caius Emilian"]
[Result "0-1"]
[ECO "C07"]
[WhiteElo "1769"]
[BlackElo "1840"]
[Annotator "NA RC"]
[PlyCount "72"]
[EventDate "2020.10.27"]
[EventType "swiss"]
[EventRounds "7"]
[EventCountry "GER"]
[SourceTitle "playchess.com"]
[Source "ChessBase"]
[SourceQuality "1"]
[TimeControl "40/5400+30:1800+30"]

1. e4 e6 2. d4 d5 3. Nd2 c5 4. exd5 cxd4 5. Ngf3 Qxd5 6. Bc4 Qd6 7. O-O Nf6 8. Nb3 Nc6 9. Nbxd4 Nxd4 10. Nxd4 a6 11. Bb3 Qc7 12. Qf3 Bd6 13. h3 O-O 14. Bg5 Nd7 15. Rad1 {[%emt 0:05:15] [#] C07: French Tarrasch: 3...c5, 4 Ngf3 and 4 exd5 Qxd5.} b5 $146 ({Predecessor:} 15... Nc5 $11 {keeps the balance.} 16. Rd2 Nxb3 17. axb3 h6 18. Be3 Bc5 19. Rfd1 e5 20. Nf5 Bxe3 21. Nxe3 Be6 22. Nd5 Bxd5 23. Qxd5 {½-½ (43) Pavasovic,D (2540)-Roberson,P (2412) chess.com INT 2018}) 16. Qe3 (16. Qxa8 $16 Bb7 17. Qa7 (17. Nxe6 fxe6 18. Bxe6+ Kh8 $14) 17... Bh2+ 18. Kh1 Bxg2+ 19. Kxg2 Qxa7 20. Kxh2) 16... Nc5 17. c3 Nxb3 18. axb3 Bb7 19. Kh1 Rfe8 20. Rfe1 f6 21. Bh4 e5 22. Nf5 Bf8 23. Qg3 Kh8 24. Qg4 Rad8 25. Rxd8 Rxd8 26. Re3 $2 ({White should play} 26. Ne3 $15) 26... Bd5 $2 (26... Qf7 $19 27. Re1 Qxb3) 27. b4 $2 (27. f4 $17 {was worth a try.} e4 28. Nd4) 27... Bc4 $2 (27... Qd7 $19 28. Kh2 Be6) 28. Rg3 $2 (28. f4 $1 $11 {and White has nothing to worry.}) 28... Rd2 29. Qf3 g5 ({Don't go for} 29... Rxb2 $2 {[#]} 30. Qa8 $1 $18 {[%mdl 576] Double Attack}) 30. Qa8 Qd8 31. Bxg5 fxg5 ({Not} 31... Qxa8 32. Bxf6+ {[%mdl 64] Double Attack} Bg7 33. Bxg7+ Kg8 34. Nh6#) ({Weaker is} 31... Rd1+ 32. Kh2 $19) 32. Qxa6 (32. Qxd8 $142 Rxd8 33. Ne3) 32... Rxf2 33. Ne3 $19 Bd3 34. Qe6 e4 35. Nf5 Rf1+ 36. Kh2 Rxf5 0-1

[Event "GER-ch Youth U12 2020"]
[Site "Willingen"]
[Date "2020.10.30"]
[Round "6.4"]
[White "Fruth, David"]
[Black "Sauer, Tim"]
[Result "0-1"]
[ECO "B11"]
[WhiteElo "1665"]
[BlackElo "1729"]
[Annotator "NA RC"]
[PlyCount "96"]
[EventDate "2020.10.27"]
[EventType "swiss"]
[EventRounds "7"]
[EventCountry "GER"]
[SourceTitle "playchess.com"]
[Source "ChessBase"]
[SourceQuality "1"]
[TimeControl "40/5400+30:1800+30"]

1. e4 c6 2. Nf3 d5 3. Nc3 Bg4 4. h3 Bxf3 5. Qxf3 Nf6 6. d4 dxe4 7. Nxe4 Qxd4 8. Bd3 Nbd7 9. Be3 Qd5 10. O-O g6 11. Rfd1 Bg7 12. Qf4 Qe5 13. Nxf6+ Bxf6 14. Qg4 h5 15. Qf3 Qc7 16. Re1 O-O 17. Bf4 Qb6 18. Qg3 Kg7 19. Be3 c5 20. Qf4 Rh8 21. Rab1 Qd6 22. Qf3 Rab8 23. Bf4 Be5 24. Be3 Qf6 25. Qxf6+ Kxf6 26. Bb5 Rbd8 27. Rbd1 Bd6 28. Bxd7 Rxd7 29. Bxc5 Rhd8 30. Bxd6 Rxd6 31. Rxd6+ Rxd6 32. Re2 Ra6 33. a3 Rb6 34. b3 Rd6 35. g3 b5 36. f4 Rd5 37. Kf2 a5 38. Ke3 Rd6 39. Kf3 Rc6 40. g4 Rc3+ 41. Kg2 hxg4 42. hxg4 e6 43. Kf2 a4 44. g5+ Kf5 45. Re3 Rxc2+ 46. Kf3 Rc5 47. bxa4 bxa4 48. Rd3 Rc4 0-1

[Event "GER-ch Youth U12 2020"]
[Site "Willingen"]
[Date "2020.10.30"]
[Round "6.5"]
[White "Sundui, Chinguun"]
[Black "Korek, Jakob Alexander"]
[Result "1/2-1/2"]
[ECO "C48"]
[WhiteElo "1788"]
[BlackElo "1592"]
[Annotator "NA RC"]
[PlyCount "76"]
[EventDate "2020.10.27"]
[EventType "swiss"]
[EventRounds "7"]
[EventCountry "GER"]
[SourceTitle "playchess.com"]
[Source "ChessBase"]
[SourceQuality "1"]
[TimeControl "40/5400+30:1800+30"]

1. e4 e5 2. Nf3 Nc6 3. Nc3 Nf6 4. Bb5 Bc5 5. O-O d6 6. d4 exd4 7. Nxd4 Bxd4 8. Qxd4 Bd7 9. Bxc6 Bxc6 10. Bg5 h6 11. Bxf6 Qxf6 12. Qxf6 gxf6 13. Nd5 Bxd5 14. exd5 Kd7 15. Rae1 Rae8 16. Re3 Re5 17. c4 Rhe8 18. Rfe1 a6 19. Kf1 b5 20. b3 b4 21. Ke2 c5 22. Kd3 h5 23. Ra1 Rxe3+ 24. fxe3 Rg8 25. Rg1 a5 26. g3 Ke7 27. Ke4 Rg4+ 28. Kf3 Rg8 29. Rf1 a4 30. h3 a3 31. Rg1 Rg5 32. g4 h4 33. e4 Kf8 34. Ke3 Kg7 35. Rf1 Kg6 36. Rf4 Re5 37. Kf3 Rg5 38. Rf5 Rxf5+ 1/2-1/2

[Event "GER-ch Youth U12 2020"]
[Site "Willingen"]
[Date "2020.10.30"]
[Round "6.6"]
[White "Udelnov, Valentin"]
[Black "Honisch, Alexander"]
[Result "1/2-1/2"]
[ECO "C54"]
[WhiteElo "1691"]
[BlackElo "1667"]
[Annotator "NA RC"]
[PlyCount "113"]
[EventDate "2020.10.27"]
[EventType "swiss"]
[EventRounds "7"]
[EventCountry "GER"]
[SourceTitle "playchess.com"]
[Source "ChessBase"]
[SourceQuality "1"]
[TimeControl "40/5400+30:1800+30"]

1. e4 e5 2. Nf3 Nc6 3. Bc4 Bc5 4. c3 Nf6 5. d3 d6 6. O-O a6 7. a4 Ba7 8. Nbd2 O-O 9. h3 Ne7 10. d4 Ng6 11. Re1 c6 12. Ba2 Qe7 13. Qc2 Be6 14. Nf1 Bxa2 15. Rxa2 Rfe8 16. Ng3 h6 17. Ra1 b5 18. dxe5 dxe5 19. Nf5 Qc7 20. Be3 Bxe3 21. Rxe3 Nf4 22. Nh2 Rad8 23. Rg3 Ng6 24. Qe2 Rd7 25. Ng4 Re6 26. h4 Ne8 27. Ngxh6+ gxh6 28. h5 Kh7 29. hxg6+ fxg6 30. Qg4 Rf6 31. axb5 cxb5 32. Ne3 Rfd6 33. Nd5 Qd8 34. Rd1 Nc7 35. Nf6+ Qxf6 36. Qxd7+ Rxd7 37. Rxd7+ Kg8 38. Rxc7 Qd6 39. Rc8+ Kg7 40. b4 h5 41. Rc5 h4 42. Rd5 Qc7 43. Rgd3 Qc4 44. Rd7+ Kh6 45. Re3 Qb3 46. Rd5 Qb1+ 47. Kh2 Qc2 48. Rxe5 Qxf2 49. Rf3 Qe1 50. Re6 Kh5 51. e5 g5 52. Re8 Qe4 53. Rh8+ Kg6 54. Rf6+ Kg7 55. Re8 g4 56. Re7+ Kg8 57. Re8+ 1/2-1/2

[Event "GER-ch Youth U12 2020"]
[Site "Willingen"]
[Date "2020.10.30"]
[Round "6.7"]
[White "Müller, Maximilian"]
[Black "Klaska, Philipp Leon"]
[Result "0-1"]
[ECO "C08"]
[WhiteElo "1691"]
[BlackElo "1716"]
[Annotator "NA RC"]
[PlyCount "58"]
[EventDate "2020.10.27"]
[EventType "swiss"]
[EventRounds "7"]
[EventCountry "GER"]
[SourceTitle "playchess.com"]
[Source "ChessBase"]
[SourceQuality "1"]
[TimeControl "40/5400+30:1800+30"]

1. e4 e6 2. d4 d5 3. Nd2 c5 4. exd5 exd5 5. dxc5 Bxc5 6. Nb3 Bb6 7. Nf3 Nf6 8. Bg5 O-O 9. Nbd4 Bg4 10. Be2 Nbd7 11. O-O h6 12. Bxf6 Nxf6 13. h3 Bh5 14. c3 Re8 15. Bb5 Re4 16. Qb3 Qd6 17. Bd3 Rf4 18. Nf5 Qd7 19. Ne5 Qe6 20. Rae1 Rxf5 21. Bxf5 Qxf5 22. g4 Bxg4 23. hxg4 Nxg4 24. Nxg4 Qxg4+ 25. Kh1 Qh3+ 26. Kg1 Bc7 27. f4 Bb6+ 28. Rf2 Qg3+ 29. Kh1 Bxf2 0-1